Workbook

Sheet FIG 1
E1: Labour statistics consistent with the System of National Accounts (SNA), by job category and industry c 1 2
E2: Frequency: Annual
E3: Table: 36-10-0489-01 (formerly CANSIM 383-0031)
E4: Release date: 2024-02-09
E5: Geography: Canada, Province or territory

Sheet FIG 2
G1: Labour statistics consistent with the System of National Accounts (SNA), by job category and industry c 1 2
G2: Frequency: Annual
G3: Table: 36-10-0489-01 (formerly CANSIM 383-0031)
G4: Release date: 2024-02-09
C5: 2019 | D5: 2020 from 2019 | E5: 2021 from 2019 | F5: 2022 from 2019 | G5: Geography: Canada, Province or territory
B6: All | C6: 0.014471283 | D6: -0.1201466 | E6: -0.025834924 | F6: 0.019111022
B7: Agriculture plus | C7: 0.024412941 | D7: -0.065370795 | E7: -0.050355745 | F7: -0.070023196
B8: Mining plus | C8: -0.0018884854 | D8: -0.16018697 | E8: -0.058296332 | F8: 0.013373967
B9: Utilities | C9: 0.0082918391 | D9: -0.070781237 | E9: -0.030743123 | F9: -0.0083629476
B10: Construction | C10: 0.021328494 | D10: -0.13575399 | E10: 0.045909763 | F10: 0.12633964
B11: Manufacturing | C11: -0.0010358691 | D11: -0.12266658 | E11: -0.048835423 | F11: -0.014696185
B12: Wholesale | C12: 0.0022793066 | D12: -0.11719308 | E12: -0.045943618 | F12: -0.018974423
B13: Retail | C13: 0.0024647286 | D13: -0.10289605 | E13: -0.033899639 | F13: -0.0097779127
B14: Transport plus | C14: 0.043292316 | D14: -0.17099972 | E14: -0.08290569 | F14: 0.0024653715
B15: Info plus | C15: 0.036314008 | D15: -0.095245838 | E15: 0.00348861 | F15: 0.021895607
B16: Fin plus | C16: 0.026007983 | D16: -0.031454955 | E16: 0.028085553 | F16: 0.0009125353
B17: Holding | C17: -0.19333502 | D17: -0.2990361 | E17: -0.25086535 | F17: -0.37633754
... B26: Public admin | C26: 0.025371271 | D26: -0.034660722 | E26: 0.012959024 | F26: 0.033616216

Sheet Sheet5

Sheet 3610048901-data
A1: Labour statistics consistent with the System of National Accounts (SNA), by job category and industry c 1 2
A2: Frequency: Annual
A3: Table: 36-10-0489-01 (formerly CANSIM 383-0031)
A4: Release date: 2024-02-09
A5: Geography: Canada, Province or territory
B9: Geography | C9: Canada
A10: Labour statistics | B10: North American Industry Classification System (NAICS) | C10: 2001 | D10: 2002 | E10: 2003 | F10: 2004 | G10: 2005 | H10: 2006 | I10: 2007 | J10: 2008 | K10: 2009 | L10: 2010 | M10: 2011 | N10: 2012 | O10: 2013 | P10: 2014 | Q10: 2015 | R10: 2016 | S10: 2017 | T10: 2018 | U10: 2019 | V10: 2020 | W10: 2021 | X10: 2022
C11: Jobs
A12: Total number of jobs 3 | B12: All | C12: 15204855 | D12: 15579250 | E12: 15917695 | F12: 16179225 | G12: 16426295 | H12: 16672890 | I12: 17006560 | J12: 17249955 | K12: 16999685 | L12: 17287795 | M12: 17564165 | N12: 17773945 | O12: 18005810 | P12: 18052735 | Q12: 18199250 | R12: 18352255 | S12: 18753450 | T12: 19095030 | U12: 19503400 | V12: 17556185 | W12: 19062070 | X12: 19933325
B13: Agriculture plus | C13: 448350 | D13: 458515 | E13: 453265 | F13: 444395 | G13: 446510 | H13: 428995 | I13: 419775 | J13: 406255 | K13: 393540 | L13: 382350 | M13: 390710 | N13: 384850 | O13: 404640 | P13: 380490 | Q13: 378805 | R13: 387565 | S13: 386405 | T13: 382885 | U13: 386880 | V13: 358440 | W13: 370610 | X13: 364615
B14: Mining plus | C14: 144875 | D14: 140760 | E14: 145885 | F14: 158365 | G14: 176875 | H14: 204020 | I14: 210590 | J14: 221620 | K14: 214475 | L14: 224155 | M14: 246135 | N14: 260285 | O14: 274810 | P14: 263555 | Q14: 232220 | R14: 208775 | S14: 226585 | T14: 244855 | U14: 244975 | V14: 213310 | W14: 233370 | X14: 248040
B15: Utilities | C15: 107620 | D15: 105620 | E15: 109645 | F15: 112615 | G15: 113420 | H15: 115740 | I15: 116220 | J15: 115875 | K15: 115045 | L15: 121220 | M15: 128500 | N15: 121425 | O15: 114390 | P15: 111500 | Q15: 115210 | R15: 114585 | S15: 114690 | T15: 115220 | U15: 116455 | V15: 108190 | W15: 111105 | X15: 117145
B16: Construction | C16: 882760 | D16: 911890 | E16: 934565 | F16: 978000 | G16: 1038780 | H16: 1102760 | I16: 1168210 | J16: 1247775 | K16: 1178245 | L16: 1250460 | M16: 1286210 | N16: 1377460 | O16: 1409390 | P16: 1427085 | Q16: 1427300 | R16: 1361995 | S16: 1426895 | T16: 1449905 | U16: 1494720 | V16: 1347510 | W16: 1575225 | X16: 1686300
B17: Manufacturing | C17: 1975230 | D17: 1971840 | E17: 1986395 | F17: 1983190 | G17: 1964035 | H17: 1891995 | I17: 1832460 | J17: 1717475 | K17: 1566820 | L17: 1565055 | M17: 1578980 | N17: 1574705 | O17: 1552545 | P17: 1545050 | Q17: 1554915 | R17: 1559920 | S17: 1594615 | T17: 1623810 | U17: 1636710 | V17: 1464490 | W17: 1566755 | X17: 1626890
B18: Wholesale | C18: 765070 | D18: 777535 | E18: 784740 | F18: 795030 | G18: 814955 | H18: 803635 | I18: 811140 | J18: 810445 | K18: 769935 | L18: 774925 | M18: 783595 | N18: 804110 | O18: 800360 | P18: 805600 | Q18: 794925 | R18: 787295 | S18: 817015 | T18: 839460 | U18: 851410 | V18: 769685 | W18: 823795 | X18: 845740
B19: Retail | C19: 1642230 | D19: 1713965 | E19: 1794325 | F19: 1850435 | G19: 1871250 | H19: 1899730 | I19: 1936100 | J19: 1959415 | K19: 1976665 | L19: 2010935 | M19: 2018210 | N19: 2046160 | O19: 2076965 | P19: 2072910 | Q19: 2066690 | R19: 2088260 | S19: 2132160 | T19: 2128465 | U19: 2152765 | V19: 1944640 | W19: 2098230 | X19: 2147735
B20: Transport plus | C20: 721790 | D20: 724915 | E20: 729825 | F20: 744585 | G20: 732925 | H20: 755790 | I20: 773055 | J20: 761940 | K20: 750060 | L20: 766630 | M20: 782865 | N20: 803280 | O20: 810785 | P20: 820215 | Q20: 829850 | R20: 843520 | S20: 884475 | T20: 950955 | U20: 1002090 | V20: 882695 | W20: 948705 | X20: 1021605
B21: Info plus | C21: 326880 | D21: 339410 | E21: 339640 | F21: 347270 | G21: 338295 | H21: 342990 | I21: 350355 | J21: 355460 | K21: 349855 | L21: 352255 | M21: 355260 | N21: 362620 | O21: 351815 | P21: 343745 | Q21: 354365 | R21: 367475 | S21: 381430 | T21: 389680 | U21: 403575 | V21: 367095 | W21: 400365 | X21: 413045
B22: Fin plus | C22: 790905 | D22: 774530 | E22: 781005 | F22: 813070 | G22: 848070 | H22: 860965 | I22: 885450 | J22: 895600 | K22: 878530 | L22: 908630 | M22: 931245 | N22: 908195 | O22: 921665 | P22: 935505 | Q22: 919855 | R22: 929280 | S22: 941180 | T22: 937245 | U22: 960650 | V22: 926980 | W22: 980700 | X22: 965180
B23: Holding | C23: 128535 | D23: 139245 | E23: 143515 | F23: 148450 | G23: 143310 | H23: 150170 | I23: 156855 | J23: 166870 | K23: 157135 | L23: 155800 | M23: 155920 | N23: 159605 | O23: 159365 | P23: 146470 | Q23: 147315 | R23: 125630 | S23: 96585 | T23: 71430 | U23: 58155 | V23: 39870 | W23: 42915 | X23: 36385
B24: Real estate plus | C24: 270230 | D24: 273490 | E24: 290220 | F24: 296750 | G24: 313510 | H24: 325530 | I24: 340640 | J24: 346985 | K24: 343995 | L24: 342390 | M24: 357025 | N24: 357495 | O24: 357685 | P24: 351835 | Q24: 368625 | R24: 370740 | S24: 388385 | T24: 398630 | U24: 417600 | V24: 364085 | W24: 390825 | X24: 401035
... B32: Public admin | C32: 928205 | D32: 954580 | E32: 980820 | F32: 985520 | G32: 999220 | H32: 1018570 | I32: 1038505 | J32: 1075070 | K32: 1119530 | L32: 1126425 | M32: 1142440 | N32: 1125170 | O32: 1117760 | P32: 1109570 | Q32: 1121360 | R32: 1135535 | S32: 1152035 | T32: 1178425 | U32: 1203875 | V32: 1183120 | W32: 1229515 | X32: 1269865
C33: Hours in thousands
A34: Labour statistics | B34: North American Industry Classification System (NAICS) | C34: 2001 | D34: 2002 | E34: 2003 | F34: 2004 | G34: 2005 | H34: 2006 | I34: 2007 | J34: 2008 | K34: 2009 | L34: 2010 | M34: 2011 | N34: 2012 | O34: 2013 | P34: 2014 | Q34: 2015 | R34: 2016 | S34: 2017 | T34: 2018 | U34: 2019 | V34: 2020 | W34: 2021 | X34: 2022
A35: Hours worked for all jobs 8 | B35: All | C35: 26994423 | D35: 27367907 | E35: 27801744 | F35: 28423287 | G35: 28698818 | H35: 29088551 | I35: 29676570 | J35: 30041188 | K35: 29066585 | L35: 29642375 | M35: 30050217 | N35: 30584968 | O35: 30854634 | P35: 30857022 | Q35: 31125176 | R35: 31225816 | S35: 31675173 | T35: 32508272 | U35: 32978708 | V35: 29016428 | W35: 32126706 | X35: 33608965
B36: Agriculture plus | C36: 945968.5 | D36: 941315.4 | E36: 937872.4 | F36: 935248 | G36: 935006.4 | H36: 888736 | I36: 868136.4 | J36: 838782.1 | K36: 801682.6 | L36: 771749.7 | M36: 785296.6 | N36: 782839.1 | O36: 820996.7 | P36: 766707.4 | Q36: 765023.8 | R36: 773078.4 | S36: 765758.8 | T36: 749856.4 | U36: 768162.6 | V36: 717947.2 | W36: 729481.2 | X36: 714373.4
B37: Mining plus | C37: 328816.8 | D37: 312526.3 | E37: 331674.8 | F37: 364004.2 | G37: 407265 | H37: 463486.5 | I37: 469361.8 | J37: 496400.3 | K37: 459336.3 | L37: 501724.9 | M37: 555733.7 | N37: 590465.2 | O37: 615881.9 | P37: 596406.7 | Q37: 505454 | R37: 448899.4 | S37: 503516.4 | T37: 542868.9 | U37: 541843.7 | V37: 455047.4 | W37: 510256.2 | X37: 549090.3
B38: Utilities | C38: 197673.7 | D38: 195216.9 | E38: 203935 | F38: 207050.6 | G38: 211192.4 | H38: 211485.3 | I38: 214256.6 | J38: 216236.4 | K38: 216144.2 | L38: 228640.5 | M38: 239690.4 | N38: 221835.2 | O38: 212908.6 | P38: 205469.2 | Q38: 212882 | R38: 209278.7 | S38: 211867.8 | T38: 214307.1 | U38: 216084.1 | V38: 200789.4 | W38: 209441 | X38: 214277
B39: Construction | C39: 1767697.7 | D39: 1821232.4 | E39: 1842384.5 | F39: 1962356.5 | G39: 2071098.6 | H39: 2188875 | I39: 2337382.3 | J39: 2503976.2 | K39: 2315913.7 | L39: 2480914.7 | M39: 2556074.3 | N39: 2757036.6 | O39: 2805221.4 | P39: 2843071 | Q39: 2827459 | R39: 2674153.4 | S39: 2780991.5 | T39: 2847331.9 | U39: 2908061.2 | V39: 2513280.3 | W39: 3041569.6 | X39: 3275464.6
B40: Manufacturing | C40: 3875834.4 | D40: 3859900.4 | E40: 3861354.6 | F40: 3872972.1 | G40: 3812734.7 | H40: 3677270.2 | I40: 3581330.3 | J40: 3338657 | K40: 2983546.6 | L40: 3036281.8 | M40: 3054177.7 | N40: 3052895.7 | O40: 3001950.4 | P40: 2987257.9 | Q40: 3006614.5 | R40: 3006861.5 | S40: 3047027.1 | T40: 3132635.3 | U40: 3129390.3 | V40: 2745518.7 | W40: 2976565.2 | X40: 3083400.2
B41: Wholesale | C41: 1514583.7 | D41: 1534397.8 | E41: 1532579.1 | F41: 1571995 | G41: 1598862.5 | H41: 1566615 | I41: 1582683.4 | J41: 1587424.4 | K41: 1480545.9 | L41: 1487424.8 | M41: 1510759.9 | N41: 1553710.2 | O41: 1548785.7 | P41: 1552001.6 | Q41: 1524550.4 | R41: 1515414.8 | S41: 1552094.5 | T41: 1620492.8 | U41: 1624186.4 | V41: 1433843 | W41: 1549565.4 | X41: 1593368.4
B42: Retail | C42: 2649999.3 | D42: 2735722 | E42: 2838071.7 | F42: 2937981.7 | G42: 2967241.2 | H42: 2991889.4 | I42: 3006732.1 | J42: 3048781.3 | K42: 3014107.7 | L42: 3060991.8 | M42: 3051956.4 | N42: 3076831.5 | O42: 3153391 | P42: 3137419.4 | Q42: 3142793.8 | R42: 3195884.8 | S42: 3230281.2 | T42: 3240681.4 | U42: 3248668.8 | V42: 2914393.6 | W42: 3138540.1 | X42: 3216903.6
B43: Transport plus | C43: 1465759.2 | D43: 1465149 | E43: 1473332.9 | F43: 1518915.4 | G43: 1481896.6 | H43: 1532920.5 | I43: 1552781.5 | J43: 1522880.6 | K43: 1458645.5 | L43: 1509712.8 | M43: 1532708.8 | N43: 1566788.5 | O43: 1563872 | P43: 1595871.7 | Q43: 1634666.9 | R43: 1635422.2 | S43: 1697749 | T43: 1840400.5 | U43: 1920075.7 | V43: 1591743.3 | W43: 1760890.5 | X43: 1924809.4
B44: Info plus | C44: 573405.6 | D44: 581362.6 | E44: 574488.1 | F44: 601737.1 | G44: 584959.6 | H44: 581269.5 | I44: 603394.7 | J44: 611344.5 | K44: 597908.4 | L44: 600422.7 | M44: 607976.5 | N44: 615775.5 | O44: 595042.6 | P44: 583573.1 | Q44: 599078.1 | R44: 633576.8 | S44: 649618.6 | T44: 671203.8 | U44: 695577.9 | V44: 629327 | W44: 698004.5 | X44: 710808
B45: Fin plus | C45: 1387404.3 | D45: 1354144.5 | E45: 1355792.5 | F45: 1420507 | G45: 1480973.2 | H45: 1520791 | I45: 1543111.3 | J45: 1574709 | K45: 1526227.1 | L45: 1575086.6 | M45: 1607726.8 | N45: 1596486.7 | O45: 1614259.1 | P45: 1649102.7 | Q45: 1628626.7 | R45: 1661097.1 | S45: 1650300.7 | T45: 1650808.5 | U45: 1693742.7 | V45: 1640466.1 | W45: 1741312.4 | X45: 1695288.3
B46: Holding | C46: 241635 | D46: 260614.6 | E46: 266715.6 | F46: 277164.1 | G46: 268805.7 | H46: 279526.4 | I46: 290430.2 | J46: 309834.9 | K46: 288591.8 | L46: 286603.2 | M46: 286663 | N46: 295035 | O46: 294399.3 | P46: 270446.9 | Q46: 273632.1 | R46: 233967.7 | S46: 177453.2 | T46: 131760.4 | U46: 106286.5 | V46: 74503 | W46: 79622.9 | X46: 66286.9
B47: Real estate plus | C47: 475945.9 | D47: 475632.3 | E47: 504548.1 | F47: 518598.9 | G47: 546923.4 | H47: 561826.9 | I47: 592183.6 | J47: 597502.2 | K47: 591536.4 | L47: 595920.3 | M47: 604466.7 | N47: 642422.1 | O47: 626646.6 | P47: 610858.7 | Q47: 642239.3 | R47: 643876.8 | S47: 664507.1 | T47: 681906 | U47: 716774.7 | V47: 585523.7 | W47: 667951.1 | X47: 681217.9
... B55: Public admin | C55: 1630976.7 | D55: 1666345.9 | E55: 1703488.7 | F55: 1718534.2 | G55: 1726409.7 | H55: 1769939.9 | I55: 1815300.7 | J55: 1870843.6 | K55: 1947493.2 | L55: 1955565.6 | M55: 1973887.5 | N55: 1929590.3 | O55: 1912919.2 | P55: 1900698.9 | Q55: 1906233.8 | R55: 1942129.9 | S55: 1963233 | T55: 2025570.6 | U55: 2076961.9 | V55: 2004972.9 | W55: 2103877.3 | X55: 2146781.5
C56: Thousands of dollars
A57: Total compensation for all jobs 9 | B57: All | C57: 611374580 | D57: 634419756 | E57: 661064334 | F57: 697481940 | G57: 735947899 | H57: 781200055 | I57: 829182785 | J57: 867255663 | K57: 860314848 | L57: 886782253 | M57: 932834812 | N57: 973740957 | O57: 1011545055 | P57: 1049108541 | Q57: 1079227412 | R57: 1078118507 | S57: 1122808910 | T57: 1181035535 | U57: 1231814185 | V57: 1207387681 | W57: 1338210305 | X57: 1469437000
B58: Agriculture plus | C58: 10675825 | D58: 11122732 | E58: 11347694 | F58: 11543867 | G58: 11968524 | H58: 11960594 | I58: 11918276 | J58: 11891288 | K58: 11484076 | L58: 11545540 | M58: 12026068 | N58: 12653322 | O58: 13035259 | P58: 13070919 | Q58: 13713700 | R58: 13969687 | S58: 14325960 | T58: 14932026 | U58: 15559184 | V58: 15584335 | W58: 16603683 | X58: 17616424
B59: Mining plus | C59: 11468898 | D59: 11226185 | E59: 11954776 | F59: 13564503 | G59: 16331209 | H59: 19732714 | I59: 21806137 | J59: 24389122 | K59: 23880216 | L59: 25268890 | M59: 28839570 | N59: 32005610 | O59: 34963760 | P59: 35677629 | Q59: 32543268 | R59: 28408605 | S59: 30563081 | T59: 32711353 | U59: 33271115 | V59: 31028231 | W59: 33434549 | X59: 38307901
B60: Utilities | C60: 7868894 | D60: 8020036 | E60: 8569378 | F60: 9122109 | G60: 9556009 | H60: 9961424 | I60: 10831322 | J60: 11388293 | K60: 11530912 | L60: 12237043 | M60: 13298809 | N60: 13134808 | O60: 13076253 | P60: 13350699 | Q60: 14024922 | R60: 13829844 | S60: 14276827 | T60: 14875235 | U60: 15148777 | V60: 14962451 | W60: 14723129 | X60: 16887758
B61: Construction | C61: 44316187 | D61: 46588256 | E61: 48481842 | F61: 52424272 | G61: 57821918 | H61: 64439939 | I61: 71006058 | J61: 78931455 | K61: 74402414 | L61: 80284559 | M61: 85477535 | N61: 95382071 | O61: 101013820 | P61: 106904027 | Q61: 107238789 | R61: 100054448 | S61: 104278591 | T61: 108870494 | U61: 114060305 | V61: 108882964 | W61: 129175823 | X61: 148273992
B62: Manufacturing | C62: 102455970 | D62: 104418997 | E62: 106663703 | F62: 111200426 | G62: 114070551 | H62: 114908608 | I62: 116496887 | J62: 111924621 | K62: 102393337 | L62: 103333050 | M62: 107015888 | N62: 110486518 | O62: 111680933 | P62: 114804575 | Q62: 117959179 | R62: 117457963 | S62: 121147383 | T62: 127493219 | U62: 130336732 | V62: 125865884 | W62: 133502261 | X62: 151878424
B63: Wholesale | C63: 37271411 | D63: 38095535 | E63: 38826097 | F63: 41062400 | G63: 43921181 | H63: 46038924 | I63: 48603652 | J63: 49640462 | K63: 47547801 | L63: 48273989 | M63: 51004639 | N63: 54137732 | O63: 55544255 | P63: 57742326 | Q63: 58801560 | R63: 57427386 | S63: 60572086 | T63: 64630906 | U63: 67059612 | V63: 66157843 | W63: 71889908 | X63: 79718031
B64: Retail | C64: 39671978 | D64: 41595733 | E64: 43966005 | F64: 46477322 | G64: 48449774 | H64: 51354848 | I64: 54249139 | J64: 56331418 | K64: 56360949 | L64: 57451237 | M64: 59524799 | N64: 62375716 | O64: 65175918 | P64: 67477511 | Q64: 69617601 | R64: 70001844 | S64: 73105630 | T64: 76361646 | U64: 78855324 | V64: 77674153 | W64: 84339685 | X64: 92687033
B65: Transport plus | C65: 31057949 | D65: 31685048 | E65: 32531054 | F65: 34320217 | G65: 35260335 | H65: 37791139 | I65: 39885135 | J65: 40188320 | K65: 39540144 | L65: 41009850 | M65: 43294481 | N65: 45264040 | O65: 47013300 | P65: 49200639 | Q65: 51271716 | R65: 51593480 | S65: 54937124 | T65: 59886532 | U65: 64222817 | V65: 61497856 | W65: 65505145 | X65: 76955607
B66: Info plus | C66: 17163842 | D66: 17797279 | E66: 18091160 | F66: 19023747 | G66: 19716812 | H66: 20707573 | I66: 21950322 | J66: 22404467 | K66: 22170160 | L66: 22609314 | M66: 23778759 | N66: 24800531 | O66: 24731818 | P66: 25506715 | Q66: 26938524 | R66: 28285078 | S66: 29494254 | T66: 31713455 | U66: 33917431 | V66: 34705772 | W66: 38896536 | X66: 41779688
B67: Fin plus | C67: 40201858 | D67: 40307272 | E67: 41020779 | F67: 44312590 | G67: 47263126 | H67: 50604097 | I67: 54407029 | J67: 56467307 | K67: 55176439 | L67: 57721093 | M67: 61135830 | N67: 61819108 | O67: 64794203 | P67: 69049091 | Q67: 72367199 | R67: 75286444 | S67: 79657271 | T67: 82883583 | U67: 87189230 | V67: 90029223 | W67: 95708049 | X67: 103354513
B68: Holding | C68: 6689199 | D68: 7313835 | E68: 7544057 | F68: 8123329 | G68: 8158687 | H68: 8933070 | I68: 9722026 | J68: 10466121 | K68: 9998324 | L68: 9989469 | M68: 10202418 | N68: 10724033 | O68: 11284278 | P68: 11133135 | Q68: 11870201 | R68: 10331955 | S68: 8283783 | T68: 6264195 | U68: 5080644 | V68: 3678220 | W68: 3913379 | X68: 3437717
B69: Real estate plus | C69: 10254220 | D69: 10561473 | E69: 11344257 | F69: 11961554 | G69: 13088920 | H69: 14033729 | I69: 14939914 | J69: 15467337 | K69: 15289336 | L69: 15433880 | M69: 16516509 | N69: 17190766 | O69: 17723764 | P69: 18609862 | Q69: 20037611 | R69: 19893589 | S69: 21408035 | T69: 22662672 | U69: 24105809 | V69: 22846606 | W69: 25261401 | X69: 27992450
... B77: Public admin | C77: 49251018 | D77: 53050311 | E77: 56413447 | F77: 58023405 | G77: 61701943 | H77: 65014278 | I77: 68580754 | J77: 74096295 | K77: 80281631 | L77: 82360016 | M77: 85829832 | N77: 86875591 | O77: 90580405 | P77: 91614699 | Q77: 92291056 | R77: 94692367 | S77: 100442403 | T77: 104882375 | U77: 108639156 | V77: 111118301 | W77: 134508415 | X77: 129524532
A80: Table Corrections:
A81: Date | B81: Note
B82: On May 27, 2021, corrections were mainly made to the compensation of employees series (including its related measures) for the industries at a North American Industry Classification System (NAICS) 2-, 3-, 4-, 5-, and 6-digit level of aggregation for the year 2020. The related measures are total compensation for all jobs, total compensation per job, total compensation per hour worked, employee's compensation per hour worked unit labour cost, unit labour cost in US dollars, and labour share. Corrections were also made to growth rates for these variables in the goods-producing businesses and the service-producing businesses. Territorial and provincial estimates for the total economy, business sector and non-business sector, estimates for labour productivity and the 5 other related variables (including hours worked and real value added) at the aggregate and industry levels, as well as data for years prior to 2020 were not affected.
B83: On August 25, 2020, corrections were mainly made to the labour data series for the industries at a North American Industry Classification System (NAICS) 4-digit level of aggregation from 2018 to 2019. Territorial and provincial estimates for the total economy, business sector and non-business sector, estimates for 2 and 3-digit NAICS industries, and industrial aggregations, as well as data for years prior to 2018 were not affected.
A87: Footnotes:
A88: 1 | B88: This table replaces table 383-0009. Data in this table are not fully comparable with those previously published. Data by industry included in this table corresponds to S and M levels as well as some complementary details at L and W levels of aggregation. For concepts, methods, sources and details concerning the industry classification system, consult the following link http://www.statcan.gc.ca/imdb-bmdi/5103-eng.htm.
A89: 2 | B89: Provincial and territorial data are available from 1997.
A90: 3 | B90: The estimate of the total number of jobs covers two main categories: paid workers jobs and self-employed jobs.
A91: 8 | B91: The number of hours worked in all jobs is the annual average for all jobs times the annual average hours worked in all jobs. According to the retained definition, hours worked means the total number of hours that a person spends working, whether paid or not. In general, this includes regular and overtime hours, breaks, travel time, training in the workplace and time lost in brief work stoppages where workers remain at their posts. On the other hand, time lost due to strikes, lockouts, annual vacation, public holidays, sick leave, maternity leave or leave for personal needs are not included in total hours worked.
A92: 9 | B92: The total compensation for all jobs consists of all payments in cash or in kind made by domestic producers to workers for services rendered. It includes labour income for paid workers and imputed labour income for self-employed workers.
A93: 4 | B93: Total economic activities that have been realized within the country. This combines the North American Industry Classification System (NAICS) codes 11-91.
A94: 5 | B94: Starting in 2014, the crop production industry incorporates the activities related to cannabis.
A95: 6 | B95: Starting in 2014, the miscellaneous store retailers industry incorporates the activities related to cannabis.
A96: 7 | B96: Corresponds to code 53 of the North American Industry Classification System (NAICS). However, it differs from the Input-Output code BS53 since it excludes the industry of owner-occupied dwellings ( BS5311A).
A100: How to cite: Statistics Canada. Table 36-10-0489-01 Labour statistics consistent with the System of National Accounts (SNA), by job category and industry
A101: https://www150.statcan.gc.ca/t1/tbl1/en/tv.action?pid=3610048901

Sheet YoY
A1: Labour statistics consistent with the System of National Accounts (SNA), by job category and industry c 1 2
A2: Frequency: Annual
A3: Table: 36-10-0489-01 (formerly CANSIM 383-0031)
A4: Release date: 2024-02-09
A5: Geography: Canada, Province or territory
A6: Hours worked for all jobs 8
A7: Labour statistics | B7: North American Industry Classification System (NAICS) | C7: 2001 | D7: 2002 | E7: 2003 | F7: 2004 | G7: 2005 | H7: 2006 | I7: 2007 | J7: 2008 | K7: 2009 | L7: 2010 | M7: 2011 | N7: 2012 | O7: 2013 | P7: 2014 | Q7: 2015 | R7: 2016 | S7: 2017 | T7: 2018 | U7: 2019 | V7: 2020 | W7: 2021 | X7: 2022 | Z7: 2021 from 2019 | AA7: 2022 from 2019
B8: All | D8: ='3610048901-data'!D35/'3610048901-data'!C35-1 -> 0.013835621 | E8: ='3610048901-data'!E35/'3610048901-data'!D35-1 -> 0.015852023 | F8: ='3610048901-data'!F35/'3610048901-data'!E35-1 -> 0.02235627 | G8: ='3610048901-data'!G35/'3610048901-data'!F35-1 -> 0.0096938435 | H8: ='3610048901-data'!H35/'3610048901-data'!G35-1 -> 0.013580106 | I8: ='3610048901-data'!I35/'3610048901-data'!H35-1 -> 0.020214785 | J8: ='3610048901-data'!J35/'3610048901-data'!I35-1 -> 0.01228641 | K8: ='3610048901-data'!K35/'3610048901-data'!J35-1 -> -0.032442238 | ... X8: ='3610048901-data'!X35/'3610048901-data'!W35-1 -> 0.046137915 | Z8: ='3610048901-data'!$W35/'3610048901-data'!$U35-1 -> -0.025834924 | AA8: ='3610048901-data'!$X35/'3610048901-data'!$U35-1 -> 0.019111022
B9: Agriculture plus | D9: ='3610048901-data'!D36/'3610048901-data'!C36-1 -> -0.0049188741 | E9: ='3610048901-data'!E36/'3610048901-data'!D36-1 -> -0.0036576476 | F9: ='3610048901-data'!F36/'3610048901-data'!E36-1 -> -0.0027982485 | G9: ='3610048901-data'!G36/'3610048901-data'!F36-1 -> -0.0002583272 | H9: ='3610048901-data'!H36/'3610048901-data'!G36-1 -> -0.04948672 | I9: ='3610048901-data'!I36/'3610048901-data'!H36-1 -> -0.023178537 | J9: ='3610048901-data'!J36/'3610048901-data'!I36-1 -> -0.033813005 | K9: ='3610048901-data'!K36/'3610048901-data'!J36-1 -> -0.0442302 | ... X9: ='3610048901-data'!X36/'3610048901-data'!W36-1 -> -0.020710335 | Z9: ='3610048901-data'!$W36/'3610048901-data'!$U36-1 -> -0.050355745 | AA9: ='3610048901-data'!$X36/'3610048901-data'!$U36-1 -> -0.070023196
B10: Mining plus | D10: ='3610048901-data'!D37/'3610048901-data'!C37-1 -> -0.049542785 | E10: ='3610048901-data'!E37/'3610048901-data'!D37-1 -> 0.061270044 | F10: ='3610048901-data'!F37/'3610048901-data'!E37-1 -> 0.097473188 | G10: ='3610048901-data'!G37/'3610048901-data'!F37-1 -> 0.11884698 | H10: ='3610048901-data'!H37/'3610048901-data'!G37-1 -> 0.13804648 | I10: ='3610048901-data'!I37/'3610048901-data'!H37-1 -> 0.012676313 | J10: ='3610048901-data'!J37/'3610048901-data'!I37-1 -> 0.057606946 | K10: ='3610048901-data'!K37/'3610048901-data'!J37-1 -> -0.074665547 | ... X10: ='3610048901-data'!X37/'3610048901-data'!W37-1 -> 0.076107062 | Z10: ='3610048901-data'!$W37/'3610048901-data'!$U37-1 -> -0.058296332 | AA10: ='3610048901-data'!$X37/'3610048901-data'!$U37-1 -> 0.013373967
B11: Utilities | D11: ='3610048901-data'!D38/'3610048901-data'!C38-1 -> -0.012428563 | E11: ='3610048901-data'!E38/'3610048901-data'!D38-1 -> 0.044658531 | F11: ='3610048901-data'!F38/'3610048901-data'!E38-1 -> 0.015277417 | G11: ='3610048901-data'!G38/'3610048901-data'!F38-1 -> 0.020003806 | H11: ='3610048901-data'!H38/'3610048901-data'!G38-1 -> 0.001386887 | I11: ='3610048901-data'!I38/'3610048901-data'!H38-1 -> 0.013103984 | J11: ='3610048901-data'!J38/'3610048901-data'!I38-1 -> 0.0092403221 | K11: ='3610048901-data'!K38/'3610048901-data'!J38-1 -> -0.0004263852 | ... X11: ='3610048901-data'!X38/'3610048901-data'!W38-1 -> 0.023090035 | Z11: ='3610048901-data'!$W38/'3610048901-data'!$U38-1 -> -0.030743123 | AA11: ='3610048901-data'!$X38/'3610048901-data'!$U38-1 -> -0.0083629476
B12: Construction | D12: ='3610048901-data'!D39/'3610048901-data'!C39-1 -> 0.030284986 | E12: ='3610048901-data'!E39/'3610048901-data'!D39-1 -> 0.011614169 | F12: ='3610048901-data'!F39/'3610048901-data'!E39-1 -> 0.065117786 | G12: ='3610048901-data'!G39/'3610048901-data'!F39-1 -> 0.055414039 | H12: ='3610048901-data'!H39/'3610048901-data'!G39-1 -> 0.056866631 | I12: ='3610048901-data'!I39/'3610048901-data'!H39-1 -> 0.067846405 | J12: ='3610048901-data'!J39/'3610048901-data'!I39-1 -> 0.071273706 | K12: ='3610048901-data'!K39/'3610048901-data'!J39-1 -> -0.075105546 | ... X12: ='3610048901-data'!X39/'3610048901-data'!W39-1 -> 0.07689944 | Z12: ='3610048901-data'!$W39/'3610048901-data'!$U39-1 -> 0.045909763 | AA12: ='3610048901-data'!$X39/'3610048901-data'!$U39-1 -> 0.12633964
B13: Manufacturing | D13: ='3610048901-data'!D40/'3610048901-data'!C40-1 -> -0.0041111148 | E13: ='3610048901-data'!E40/'3610048901-data'!D40-1 -> 0.00037674547 | F13: ='3610048901-data'!F40/'3610048901-data'!E40-1 -> 0.0030086592 | G13: ='3610048901-data'!G40/'3610048901-data'!F40-1 -> -0.015553275 | H13: ='3610048901-data'!H40/'3610048901-data'!G40-1 -> -0.035529485 | I13: ='3610048901-data'!I40/'3610048901-data'!H40-1 -> -0.026089978 | J13: ='3610048901-data'!J40/'3610048901-data'!I40-1 -> -0.067760659 | K13: ='3610048901-data'!K40/'3610048901-data'!J40-1 -> -0.10636325 | ... X13: ='3610048901-data'!X40/'3610048901-data'!W40-1 -> 0.035892041 | Z13: ='3610048901-data'!$W40/'3610048901-data'!$U40-1 -> -0.048835423 | AA13: ='3610048901-data'!$X40/'3610048901-data'!$U40-1 -> -0.014696185
B14: Wholesale | D14: ='3610048901-data'!D41/'3610048901-data'!C41-1 -> 0.013082209 | E14: ='3610048901-data'!E41/'3610048901-data'!D41-1 -> -0.0011852858 | F14: ='3610048901-data'!F41/'3610048901-data'!E41-1 -> 0.025718673 | G14: ='3610048901-data'!G41/'3610048901-data'!F41-1 -> 0.017091339 | H14: ='3610048901-data'!H41/'3610048901-data'!G41-1 -> -0.020169026 | I14: ='3610048901-data'!I41/'3610048901-data'!H41-1 -> 0.010256764 | J14: ='3610048901-data'!J41/'3610048901-data'!I41-1 -> 0.0029955454 | K14: ='3610048901-data'!K41/'3610048901-data'!J41-1 -> -0.067328246 | ... X14: ='3610048901-data'!X41/'3610048901-data'!W41-1 -> 0.028267926 | Z14: ='3610048901-data'!$W41/'3610048901-data'!$U41-1 -> -0.045943618 | AA14: ='3610048901-data'!$X41/'3610048901-data'!$U41-1 -> -0.018974423
B15: Retail | D15: ='3610048901-data'!D42/'3610048901-data'!C42-1 -> 0.032348197 | E15: ='3610048901-data'!E42/'3610048901-data'!D42-1 -> 0.037412317 | F15: ='3610048901-data'!F42/'3610048901-data'!E42-1 -> 0.03520348 | G15: ='3610048901-data'!G42/'3610048901-data'!F42-1 -> 0.0099590477 | H15: ='3610048901-data'!H42/'3610048901-data'!G42-1 -> 0.0083067733 | I15: ='3610048901-data'!I42/'3610048901-data'!H42-1 -> 0.0049609788 | J15: ='3610048901-data'!J42/'3610048901-data'!I42-1 -> 0.013985017 | K15: ='3610048901-data'!K42/'3610048901-data'!J42-1 -> -0.011372938 | ... X15: ='3610048901-data'!X42/'3610048901-data'!W42-1 -> 0.024968137 | Z15: ='3610048901-data'!$W42/'3610048901-data'!$U42-1 -> -0.033899639 | AA15: ='3610048901-data'!$X42/'3610048901-data'!$U42-1 -> -0.0097779127
B16: Transport plus | D16: ='3610048901-data'!D43/'3610048901-data'!C43-1 -> -0.00041630303 | E16: ='3610048901-data'!E43/'3610048901-data'!D43-1 -> 0.0055857118 | F16: ='3610048901-data'!F43/'3610048901-data'!E43-1 -> 0.030938358 | G16: ='3610048901-data'!G43/'3610048901-data'!F43-1 -> -0.024371864 | H16: ='3610048901-data'!H43/'3610048901-data'!G43-1 -> 0.034431485 | I16: ='3610048901-data'!I43/'3610048901-data'!H43-1 -> 0.012956314 | J16: ='3610048901-data'!J43/'3610048901-data'!I43-1 -> -0.019256347 | K16: ='3610048901-data'!K43/'3610048901-data'!J43-1 -> -0.042179998 | ... X16: ='3610048901-data'!X43/'3610048901-data'!W43-1 -> 0.093088639 | Z16: ='3610048901-data'!$W43/'3610048901-data'!$U43-1 -> -0.08290569 | AA16: ='3610048901-data'!$X43/'3610048901-data'!$U43-1 -> 0.0024653715
B17: Info plus | D17: ='3610048901-data'!D44/'3610048901-data'!C44-1 -> 0.013876739 | E17: ='3610048901-data'!E44/'3610048901-data'!D44-1 -> -0.011824806 | F17: ='3610048901-data'!F44/'3610048901-data'!E44-1 -> 0.047431792 | G17: ='3610048901-data'!G44/'3610048901-data'!F44-1 -> -0.027881778 | H17: ='3610048901-data'!H44/'3610048901-data'!G44-1 -> -0.0063082989 | I17: ='3610048901-data'!I44/'3610048901-data'!H44-1 -> 0.038063583 | J17: ='3610048901-data'!J44/'3610048901-data'!I44-1 -> 0.013175124 | K17: ='3610048901-data'!K44/'3610048901-data'!J44-1 -> -0.021977952 | ... X17: ='3610048901-data'!X44/'3610048901-data'!W44-1 -> 0.018343005 | Z17: ='3610048901-data'!$W44/'3610048901-data'!$U44-1 -> 0.00348861 | AA17: ='3610048901-data'!$X44/'3610048901-data'!$U44-1 -> 0.021895607
B18: Fin plus | D18: ='3610048901-data'!D45/'3610048901-data'!C45-1 -> -0.02397268 | E18: ='3610048901-data'!E45/'3610048901-data'!D45-1 -> 0.0012170045 | F18: ='3610048901-data'!F45/'3610048901-data'!E45-1 -> 0.047731862 | G18: ='3610048901-data'!G45/'3610048901-data'!F45-1 -> 0.042566633 | H18: ='3610048901-data'!H45/'3610048901-data'!G45-1 -> 0.026886239 | I18: ='3610048901-data'!I45/'3610048901-data'!H45-1 -> 0.01467677 | J18: ='3610048901-data'!J45/'3610048901-data'!I45-1 -> 0.020476618 | K18: ='3610048901-data'!K45/'3610048901-data'!J45-1 -> -0.030787847 | ... X18: ='3610048901-data'!X45/'3610048901-data'!W45-1 -> -0.026430697 | Z18: ='3610048901-data'!$W45/'3610048901-data'!$U45-1 -> 0.028085553 | AA18: ='3610048901-data'!$X45/'3610048901-data'!$U45-1 -> 0.0009125353
B19: Holding | D19: ='3610048901-data'!D46/'3610048901-data'!C46-1 -> 0.078546568 | E19: ='3610048901-data'!E46/'3610048901-data'!D46-1 -> 0.023410047 | F19: ='3610048901-data'!F46/'3610048901-data'!E46-1 -> 0.039174686 | G19: ='3610048901-data'!G46/'3610048901-data'!F46-1 -> -0.030156864 | H19: ='3610048901-data'!H46/'3610048901-data'!G46-1 -> 0.039882711 | I19: ='3610048901-data'!I46/'3610048901-data'!H46-1 -> 0.039008122 | J19: ='3610048901-data'!J46/'3610048901-data'!I46-1 -> 0.066813644 | K19: ='3610048901-data'!K46/'3610048901-data'!J46-1 -> -0.068562644 | ... X19: ='3610048901-data'!X46/'3610048901-data'!W46-1 -> -0.1674895 | Z19: ='3610048901-data'!$W46/'3610048901-data'!$U46-1 -> -0.25086535 | AA19: ='3610048901-data'!$X46/'3610048901-data'!$U46-1 -> -0.37633754
... B28: Public admin | D28: ='3610048901-data'!D55/'3610048901-data'!C55-1 -> 0.021685901 | E28: ='3610048901-data'!E55/'3610048901-data'!D55-1 -> 0.02228997 | F28: ='3610048901-data'!F55/'3610048901-data'!E55-1 -> 0.0088321689 | G28: ='3610048901-data'!G55/'3610048901-data'!F55-1 -> 0.0045826845 | H28: ='3610048901-data'!H55/'3610048901-data'!G55-1 -> 0.025214293 | I28: ='3610048901-data'!I55/'3610048901-data'!H55-1 -> 0.025628441 | J28: ='3610048901-data'!J55/'3610048901-data'!I55-1 -> 0.03059708 | K28: ='3610048901-data'!K55/'3610048901-data'!J55-1 -> 0.040970608 | ... X28: ='3610048901-data'!X55/'3610048901-data'!W55-1 -> 0.020392919 | Z28: ='3610048901-data'!$W55/'3610048901-data'!$U55-1 -> 0.012959024 | AA28: ='3610048901-data'!$X55/'3610048901-data'!$U55-1 -> 0.033616216

Sheet FIG 1A
N22: FIG===+++

Sheet FIG 1B

Sheet FIG 1C

Sheet FIG 1D
